 Dungeon Crawl Stone Soup version 0.28-a0-674-gdaf460b524 (webtiles) character file.

Game seed: 7041592382237951861

770 bande the Covered (level 7, -2/44 HPs)
             Began as a Gargoyle Fighter on Oct 17, 2021.
             Slain by Crazy Yiuf (13 damage)
             ... on level 4 of the Dungeon.
             The game lasted 00:06:39 (5437 turns).

bande the Covered (Gargoyle Fighter)                Turns: 5437, Time: 00:06:40

Health: -2/44      AC: 14    Str: 20    XL:     7   Next: 82%
Magic:  3/7        EV:  7    Int:  9    God:
Gold:   1052       SH:  4    Dex: 10    Spells: 6/6 levels left

rFire   . . .      SeeInvis .   a - +0 war axe
rCold   . . .      Faith    .   c - +0 buckler
rNeg    + . .      Spirit   .   m - +0 chain mail
rPois   ∞          Reflect  .   (no helmet)
rElec   +          Harm     .   (no cloak)
rCorr   .          Rampage  .   (no gloves)
Will    .....                   (no boots)
Stlth   ..........              (no amulet)
HPRegen 0.14/turn               (no ring)
MPRegen 0.10/turn               (no ring)

@: hasted, very quick
A: sickness immunity, AC +4, negative energy resistance 1, electricity
resistance, torment resistance 1, petrification resistance
a: no special abilities


You were on level 4 of the Dungeon.
You visited 1 branch of the dungeon, and saw 4 of its levels.

You collected 1052 gold pieces.

Inventory:

Hand Weapons
 a - a +0 war axe (weapon)
 k - a +0 war axe
Armour
 c - a +0 buckler (worn)
 m - a +0 chain mail (worn)
Jewellery
 n - a ring of see invisible
Wands
 o - a wand of charming (6)
Scrolls
 b - a scroll of fog {unknown}
 f - a scroll of identify
 i - a scroll of magic mapping
 j - a scroll of teleportation {unknown}
 s - a scroll of brand weapon {unknown}
 t - a scroll of immolation {unknown}
Potions
 d - a potion of might
 e - 2 potions of magic
 g - 4 potions of heal wounds
 h - 2 potions of mutation {unknown}
 l - a potion of haste {unknown}
 p - a potion of curing
 q - a potion of flight {unknown}
 r - a potion of brilliance {unknown}


   Skills:
 + Level 5.1 Fighting
 + Level 5.4 Axes
 + Level 5.6 Armour
 + Level 4.3 Shields
 * Level 0.4 Evocations


You had 6 spell levels left.
You didn't know any spells.
Your spell library contained the following spells:

 Spells                   Type           Power      Damage    Failure   Level
 Magic Dart               Conj           0%         1d3       98%         1
 Call Imp                 Summ           0%         N/A       99%         2
 Corpse Rot               Necr/Air       0%         N/A       99%         2
 Ensorcelled Hibernation  Hex/Ice        0%         N/A       99%         2
 Poisonous Vapours        Pois/Air       0%         N/A       99%         2
 Mephitic Cloud           Conj/Pois/Air  0%         N/A       100%        3
 Tukima's Dance           Hex            0%         N/A       100%        3
 Summon Lightning Spire   Summ/Air       0%         N/A       100%        4
 Storm Form               Tmut/Air       0%         N/A       100%        7
 Maxwell's Capacitive Co  Air            0%         ∞         100%        8


Dungeon Overview and Level Annotations

Branches:
Dungeon (4/15)
 Temple: D:4-7

Altars:
Ashenzari
Gozag
Uskayaw

Portals:
Abyss: D:4

Annotations:
D:4 2 transporters, Crazy Yiuf; jdsmith2816's ghost, amateur TrMo


Innate Abilities, Weirdness & Mutations

You are immune to sickness and miasma.
Your stone body is resilient. (AC +4)
You are immune to poison.
You resist negative energy. (rN+)
You are resistant to electric shocks. (rElec)
You are resistant to unholy torment.
You are immune to petrification.


Message History

No target in view!
Things that are here:
a +0 whip; 4 stones
Things that are here:
a +0 whip; 4 stones You see here a hobgoblin skeleton.
You see here a +0 leather armour.
Key pressed, stopping explore.
You see here a +0 giant club.
Crazy Yiuf shouts!
Crazy Yiuf says, "Island infinity mobile!"
As you open the door, it creaks loudly!
You hit Crazy Yiuf.
Crazy Yiuf is lightly wounded.
Crazy Yiuf hits you with a +3 quarterstaff of chaos!
Crazy Yiuf burns you.
You barely miss Crazy Yiuf.
Crazy Yiuf is lightly wounded.
You block Crazy Yiuf's attack.
You hit Crazy Yiuf.
Crazy Yiuf is moderately wounded.
Crazy Yiuf hits you with a +3 quarterstaff of chaos.
Crazy Yiuf freezes you.
You hit Crazy Yiuf but do no damage.
Crazy Yiuf is moderately wounded.
You block Crazy Yiuf's attack. Crazy Yiuf hits you but does no damage.
You hit Crazy Yiuf.
Crazy Yiuf is heavily wounded.
Crazy Yiuf hits you with a +3 quarterstaff of chaos!
You feel your power leaking away.
You hit Crazy Yiuf.
Crazy Yiuf is severely wounded.
Crazy Yiuf hits you with a +3 quarterstaff of chaos.
* * * LOW HITPOINT WARNING * * *
You feel yourself speed up.
You hit Crazy Yiuf.
Crazy Yiuf is almost dead.
Crazy Yiuf says, "Aardvark!
Shower koolooloo seventy."
Crazy Yiuf hits you with a +3 quarterstaff of chaos!
You die...

#....#########.....
##..## #..### ♣....♣
#..# ♣♣...♣ #..#
♣♣.♣♣ #######.)###
♣♣.♣ #.......<...
♣.♣♣ ############
♣♣.♣ ♣@♣♣ #g#
######### ...
##....)... #...#
#.)#.#''#. #)..#
#....#..#. #####
#..###..##
#..).#..#.
###########..'.#..#.
#............#######


You could see Crazy Yiuf.

Vanquished Creatures
  A wyvern (D:4)
  An ogre (D:4)
  2 phantoms
  A hound (D:4)
  Jessica (D:2)
  2 iguanas (D:4)
  A hound skeleton (D:4)
  8 gnolls
  10 adders
  An ufetubus (D:4)
  2 worms (D:2)
  5 dart slugs
  4 orcs
  6 bats (D:2)
  7 endoplasms
  2 giant cockroaches
  6 goblins
  7 hobgoblins
  10 jackals
  3 quokkas
  5 ball pythons
  A frilled lizard (D:2)
  8 kobolds
  5 rats
  3 toadstools (D:1)
102 creatures vanquished.

Vanquished Creatures (others)
  A toadstool (D:1)
1 creature vanquished.

Grand Total: 103 creatures vanquished

Notes
Turn   | Place    | Note
-------+----------+-------------------------------------------
     0 | D:1      | bande the Gargoyle Fighter began the quest for the Orb.
     0 | D:1      | Reached XP level 1. HP: 14/14 MP: 1/1
   165 | D:1      | Reached XP level 2. HP: 10/19 MP: 2/2
   915 | D:2      | Identified a scroll of acquirement
   915 | D:2      | Acquired 879 gold pieces
   945 | D:2      | Reached XP level 3. HP: 24/24 MP: 3/3
   971 | D:2      | HP: 1/24 [worm (3)]
  1364 | D:2      | Noticed Jessica
  1371 | D:2      | Killed Jessica
  1372 | D:2      | Reached XP level 4. HP: 22/29 MP: 4/4
  1615 | D:2      | Noticed a phantom
  1633 | D:2      | Killed a phantom
  1634 | D:2      | Reached XP level 5. HP: 17/33 MP: 5/5
  2328 | D:2      | Reached XP level 6. HP: 10/39 MP: 6/6
  2874 | D:3      | Found a faded altar of an unknown god.
  2935 | D:3      | Found an opulent altar of Gozag.
  2940 | D:3      | Found an opulent altar of Gozag.
  2940 | D:3      | Found an opulent altar of Gozag.
  2954 | D:3      | Found an opulent altar of Gozag.
  3409 | D:3      | Found a broken altar of Ashenzari.
  3894 | D:4      | Found a transporter.
  3946 | D:4      | Reached skill level 5 in Armour
  4118 | D:4      | Noticed a wyvern
  4129 | D:4      | Killed a wyvern
  4130 | D:4      | Reached XP level 7. HP: 15/44 MP: 7/7
  4465 | D:4      | Reached skill level 5 in Fighting
  4465 | D:4      | Reached skill level 5 in Axes
  4687 | D:4      | Found a runed translucent door.
  4688 | D:4      | Noticed Crazy Yiuf
  5018 | D:4      | Found a hide-covered altar of Uskayaw.
  5048 | D:4      | Found a transporter.
  5104 | D:4      | Found a one-way gate to the infinite horrors of the Abyss.
  5143 | D:4      | Noticed jdsmith2816's ghost (amateur TrMo)
  5146 | D:4      | Noticed a small abomination
  5437 | D:4      | Slain by Crazy Yiuf

Illustrated notes

Levels and vault maps discovered:
D:1:      ldierk_water_garden, layout_basic, serial_bayou_pond_b
D:2:      layout_rooms, uniq_jessica
D:3:      layout_basic, cheibrodos_ashenzari_chains,
          nicolae_gozag_conspicuous_consumption, basic_ecumenical_altar,
          st_stairs_6, minmay_misc_feat_chi, minmay_misc_feat_rugged,
          kennysheep_generic_room_7
D:4:      layout_loops_ring, kennysheep_little_box,
          gammafunk_ghost_abyssal_escape, amcnicky_mini_pool_small,
          minmay_mini_jars, uniq_crazy_yiuf_cottage

Skill      XL: |  1  2  3  4  5  6  7 |
---------------+----------------------+-----
Axes           | 2 3 4 5 |  5.4
Fighting       | 4 5 |  5.1
Armour         | 4 5 |  5.6
Shields        | 4 |  4.3
Evocations     | |  0.4

Action                   |  1- 3 |  4- 6 |  7- 9 || total
-------------------------+-------+-------+-------++-------
Melee: War axe           |    77 |   182 |   107 ||   366
  Use: Scroll            |     3 |     2 |       ||     5
       Potion            |       |     6 |       ||     6
Armor: Scale mail        |    41 |   105 |       ||   146
       Chain mail        |       |    28 |    97 ||   125
Dodge: Dodged            |    40 |    77 |    50 ||   167
Block: Buckler           |    14 |    49 |    28 ||    91

Table legend: (Time is in decaauts)
 A = Elapsed time spent in this place.
 B = Non-inter-level travel time spent in this place.
 C = Inter-level travel time spent in this place.
 D = Time resting spent in this place.
 E = Time spent auto-exploring this place.
 F = Levels seen in this place.
 G = Mean time per level.
                   A        B        C        D        E       F      G
               +--------+--------+--------+--------+--------+-----+--------+
         Total |   5556 |   5496 |     60 |   1934 |   2655 |   4 | 1389.0 |
       Dungeon |   5556 |   5496 |     60 |   1934 |   2655 |   4 | 1389.0 |
               +--------+--------+--------+--------+--------+-----+--------+

Top non-repeatable levels by time:
     D:2: 1992 daAuts
     D:4: 1691 daAuts
     D:3: 944 daAuts
     D:1: 928 daAuts
